Map: Orbital Shipyard

Players

IlllIlllIIll

  • Race: Terran Terran
  • League: Diamond

State - Winner!

  • Race: Protoss Protoss
  • League: Grandmaster

VOD

Have the link to the VOD?

Description

Time

  • Played on: Dec. 24, 2015, 1:05 a.m.
  • Length: 22:50
Show
View Real Time Build Order
Export as new Build Order

IlllIlllIIll Terran 

Build Orders: Liberator Opening, MMM Bio 

Get SALT Encoding   

  12  0:00  SCV  
  13  0:14  Supply Depot  
  13  0:36  Barracks  
  13  0:37  Refinery  
  13  0:40  SCV  
  14  0:52  SCV  
  15  1:04  SCV  
  15  1:09  Barracks  
  16  1:16  SCV  
  17  1:23  Reaper  
  18  1:28  Orbital Command  
  18  1:54  SCV  
  18  1:55  Reaper  
  18  1:58  Barracks Reactor  
  20  2:07  SCV  
  21  2:16  Command Center  
  21  2:24  SCV  
  21  2:26  Supply Depot  
  22  2:35  Factory  
  22  2:36  SCV  
  23  2:47  Marine x2  
  23  2:48  Refinery  
  23  2:49  SCV  
  26  3:02  SCV  
  26  3:05  Marine x2  
  29  3:14  SCV  
  30  3:20  Starport  
  30  3:26  SCV  
  31  3:27  Widow Mine  
  31  3:28  Orbital Command  
  31  3:32  Marine  
  34  3:35  Marine  
  34  3:38  SCV  
  34  3:39  Liberator  
  35  3:50  SCV  
  35  3:51  Marine  
  35  3:53  Marine  
  38  4:02  Supply Depot  
  41  4:03  SCV  
  41  4:04  SCV  
  41  4:07  Factory Tech Lab  
  41  4:08  Barracks Tech Lab  
  42  4:13  Marine  
  42  4:14  Marine  
  42  4:15  SCV  
  42  4:16  SCV  
  46  4:20  Supply Depot  
  46  4:27  SCV  
  46  4:28  SCV, Stimpack  
  48  4:35  Marine x3  
  51  4:39  SCV  
  51  4:40  SCV  
  51  4:41  Siege Tank  
  56  4:47  Supply Depot  
  56  4:51  SCV  
  56  4:52  SCV  
  58  4:53  Supply Depot  
  58  4:56  Medivac  
  60  5:00  Marine x2  
  62  5:09  SCV x2, Marine  
  65  5:20  Supply Depot, Marine x2  
  69  5:21  SCV x2, Siege Tank  
  69  5:26  Marine  
  73  5:33  SCV x2  
  73  5:35  Engineering Bay  
  75  5:38  Medivac  
  75  5:39  Marine  
  75  5:41  Marine  
  79  5:44  Marine  
  79  5:49  Refinery  
  80  5:52  Command Center, Supply Depot  
  80  5:56  Supply Depot  
  80  6:02  Siege Tank  
  83  6:06  Marine  
  83  6:07  Marine  
  83  6:08  Marine  
  83  6:15  SCV x2  
  85  6:24  Marine x2  
  86  6:26  Marine  
  86  6:29  SCV  
  86  6:30  SCV  
  80  6:32  Combat Shields  
  80  6:41  SCV  
  80  6:42  SCV, Marine x2  
  80  6:44  Marine  
  83  6:49  Siege Tank  
  83  6:53  SCV  
  85  6:54  SCV  
  85  6:58  Barracks  
  85  7:00  Barracks, Marine x2  
  85  7:01  Barracks, Marine  
  85  7:06  SCV x2  
  77  7:17  Orbital Command  
  77  7:18  SCV, Marine x2, Starport Reactor  
  77  7:19  SCV, Marine  
  77  7:20  Terran Infantry Weapons Level 1  
  77  7:23  Supply Depot  
  77  7:24  Supply Depot  
  77  7:26  Refinery  
  77  7:30  SCV  
  77  7:31  SCV  
  77  7:33  Orbital Command  
  77  7:35  Marine  
  77  7:36  Marine  
  81  7:37  Marine  
  81  7:39  Barracks  
  81  7:41  Factory Reactor  
  80  7:44  Barracks  
  80  7:45  SCV x2  
  80  7:46  Barracks Tech Lab  
  80  7:48  Barracks  
  82  7:53  Marine  
  82  7:58  Barracks Reactor, Barracks Tech Lab  
  83  7:59  Medivac x2  
  83  8:00  Marauder  
  83  8:01  Marine  
  83  8:02  Concussive Shells  
  90  8:06  Marauder  
  90  8:07  SCV x3  
  90  8:11  Marine  
  96  8:20  Supply Depot  
  96  8:21  Supply Depot  
  96  8:22  Armory  
  96  8:24  Engineering Bay  
  96  8:26  Refinery  
  96  8:27  Refinery  
  96  8:30  Missile Turret  
  96  8:31  Bunker, Marauder x3  
  96  8:33  Marauder  
  104  8:35  Barracks Reactor, Barracks Tech Lab  
  104  8:36  Marine  
  104  8:37  Marine x3  
  104  8:41  Supply Depot, Medivac x2  
  112  8:42  Widow Mine  
  112  8:45  Widow Mine  
  116  8:52  Supply Depot  
  116  8:53  Terran Infantry Armor Level 1  
  116  9:00  Supply Depot  
  116  9:01  Supply Depot  
  116  9:03  Supply Depot, Marine x3  
  116  9:04  Marine  
  116  9:08  Marauder  
  116  9:09  Supply Depot, Marauder x3  
  130  9:10  Marauder  
  130  9:13  Widow Mine x2  
  130  9:15  Medivac x2  
  138  9:19  Supply Depot  
  138  9:25  Terran Infantry Weapons Level 2  
  138  9:30  Missile Turret  
  137  9:33  Missile Turret  
  137  9:34  Marauder x3  
  137  9:35  Marauder  
  137  9:37  Marauder  
  147  9:39  Marine x2  
  147  9:40  Marine x2  
  147  9:41  Marine  
  147  9:43  Marine  
  152  9:45  Widow Mine x2  
  152  9:52  Medivac x2  
  159  10:03  Marauder x4  
  159  10:04  Sensor Tower, Marauder  
  169  10:13  Ghost Academy, Marine x3  
  169  10:14  Marine x3  
  173  10:29  Marauder  
  173  10:30  Marauder x3  
  173  10:34  Marauder  
  183  10:36  Marine x3  
  183  10:37  Marine  
  183  10:42  Marine x2  
  187  10:48  Widow Mine x2  
  191  10:50  Medivac x2  
  162  11:05  Marauder x3  
  162  11:06  Marauder  
  162  11:08  Marine x2  
  162  11:09  Marine  
  162  11:10  Marine  
  160  11:13  Marine  
  160  11:16  Marine  
  160  11:18  Widow Mine x2  
  155  11:25  Medivac x2  
  137  11:35  Marauder x4  
  137  11:36  Command Center  
  137  11:38  Marine x3  
  137  11:39  Marine  
  147  11:41  Marine x2  
  147  11:47  Widow Mine x2  
  149  11:49  Terran Infantry Weapons Level 3  
  149  11:51  Terran Infantry Armor Level 2  
  149  12:04  Marauder x4  
  149  12:06  Marauder  
  159  12:09  Marine x2  
  159  12:11  Marine  
  159  12:15  Marine x2  
  163  12:16  Marine  
  163  12:21  Medivac  
  167  12:25  Medivac  
  168  12:32  Widow Mine x2  
  172  12:47  Marauder x2  
  172  12:48  Marauder  
  172  12:49  Marauder  
  170  12:53  Marine x4  
  170  12:55  Marine x2  
  160  13:00  Medivac  
  130  13:14  Marine, Marauder x3  
  130  13:15  Marine x2  
  130  13:16  Marine x2  
  130  13:17  Marine  
  132  13:20  Marine  
  132  13:23  Planetary Fortress  
  124  13:27  Widow Mine x2  
  128  13:40  Marauder x2  
  128  13:41  Marine x2, Marauder x3  
  133  13:42  Liberator x2, Marine  
  133  13:48  Sensor Tower, Marine  
  136  13:49  Marine  
  136  13:50  Marine  
  139  14:02  Marauder  
  147  14:11  Ghost x4  
  147  14:12  Marine x4  
  147  14:13  Marine  
  147  14:14  Marine  
  147  14:16  Widow Mine x2  
  163  14:24  Liberator  
  163  14:25  Liberator  
  155  14:40  Marine x4, Marauder x4  
  155  14:41  Marine  
  155  15:04  Marauder x2  
  155  15:06  Widow Mine x2  
  143  15:07  Marine x5  
  143  15:08  Marine  
  151  15:24  Medivac  
  151  15:25  Medivac  
  155  15:34  Marauder x4  
  163  15:35  Marine  
  163  15:36  Marine x3  
  163  15:37  Marine  
  164  15:50  Widow Mine x2  
  164  15:54  Medivac  
  164  15:55  Medivac  
  172  16:14  Terran Infantry Armor Level 3, Terran Ship Weapons Level 1  
  172  16:16  Command Center  
  166  16:24  Marauder x4  
  174  16:27  Liberator x2  
  174  16:35  Marine  
  174  16:36  Marine  
  174  16:37  Marine  
  174  16:39  Marine  
  176  16:40  Marine x2  
  184  16:47  Starport  
  184  16:51  Ghost  
  186  16:55  Ghost  
  186  17:04  Orbital Command  
  186  17:07  Ghost  
  182  17:32  Ghost, Liberator  
  182  17:33  Liberator  
  182  17:35  Marine x3  
  186  17:39  Marine x3  
  193  17:52  Medivac  
  193  17:58  Medivac  
  179  18:27  Marine x2  
  179  18:28  Marine x2  
  179  18:29  Marine x2  
  179  18:30  Marauder  
  173  18:54  Marauder x3  
  169  18:57  Marine  
  169  18:58  Marine x2  
  169  18:59  Marine  
  169  19:02  Marine  
  159  19:15  Marauder  
  159  19:16  Marauder  
  139  19:45  Planetary Fortress  
  139  19:48  Marauder x2  
  139  19:49  Marauder  
  143  19:54  Marine x3  
  143  19:56  Marine x2  
  148  20:09  Marauder x2  
  148  20:11  Marine x2  
  148  20:13  Marine  
  150  20:14  Marine  
  150  20:16  Marine  
  150  20:17  Marine  
  150  20:19  Marine  
  135  20:34  Marine x2  
  135  20:35  Marine x2  
  127  20:51  Marauder x2  
  127  20:52  Marauder  
  127  20:53  Marine  
  127  20:55  Refinery x2, Marine  
  127  20:56  Marine  
  134  21:10  Marauder  
  134  21:11  Marine x2  
  131  21:12  Marauder  
  131  21:14  Marine x2  
  131  21:15  Marine  
  134  21:34  Marauder x3  
  134  21:37  Marine x5  
  134  21:38  Marine  
  125  21:49  Marauder x2  
  128  21:55  Marauder x2  
  128  21:56  Marauder  
  128  21:58  Marine  
  127  22:04  Marine  
Show
View Real Time Build Order
Export as new Build Order

State Protoss - Winner!

Build Orders: 1 Gate Expand, Blink Stalkers 

Get SALT Encoding   

  12  0:02  Probe (Chrono Boost)  
  13  0:12  Probe (Chrono Boost)  
  14  0:19  Pylon  
  14  0:23  Probe (Chrono Boost)  
  15  0:38  Probe (Chrono Boost), Gateway  
  16  0:43  Assimilator  
  16  0:48  Probe (Chrono Boost)  
  17  0:59  Probe (Chrono Boost)  
  18  1:09  Probe (Chrono Boost)  
  19  1:20  Nexus  
  19  1:22  Probe (Chrono Boost)  
  20  1:31  Cybernetics Core  
  20  1:35  Probe (Chrono Boost)  
  21  1:40  Assimilator  
  21  1:45  Probe (Chrono Boost)  
  22  1:54  Pylon  
  22  1:56  Probe (Chrono Boost)  
  23  2:12  Mothership Core (Chrono Boost), Adept  
  22  2:30  Probe (Chrono Boost)  
  22  2:34  Probe (Chrono Boost), Warp Gate  
  24  2:41  Probe (Chrono Boost)  
  25  2:44  Adept  
  25  2:45  Probe (Chrono Boost)  
  28  2:52  Probe (Chrono Boost)  
  28  2:55  Probe (Chrono Boost)  
  29  3:02  Probe (Chrono Boost)  
  30  3:06  Probe (Chrono Boost)  
  30  3:08  Twilight Council  
  32  3:13  Probe (Chrono Boost)  
  32  3:16  Probe (Chrono Boost)  
  33  3:23  Probe (Chrono Boost)  
  34  3:27  Probe (Chrono Boost)  
  34  3:34  Probe (Chrono Boost)  
  36  3:38  Probe (Chrono Boost)  
  37  3:44  Probe (Chrono Boost)  
  37  3:48  Probe (Chrono Boost)  
  38  3:51  Blink (Chrono Boost)  
  38  3:55  Probe (Chrono Boost)  
  39  3:59  Probe (Chrono Boost)  
  40  4:05  Probe (Chrono Boost)  
  40  4:09  Probe (Chrono Boost)  
  42  4:10  Robotics Facility  
  42  4:11  Forge  
  42  4:13  Gateway  
  42  4:16  Probe (Chrono Boost)  
  43  4:18  Probe  
  44  4:25  Pylon  
  44  4:27  Pylon  
  44  4:28  Probe x2  
  46  4:34  Protoss Ground Armor Level 1 (Chrono Boost)  
  46  4:40  Nexus  
  46  4:44  Probe  
  46  4:45  Probe  
  48  4:50  Assimilator  
  48  4:51  Assimilator  
  48  4:57  Probe x2  
  48  4:59  Sentry, Observer (Chrono Boost)  
  53  5:07  Gateway  
  53  5:09  Probe, Gateway  
  54  5:14  Gateway  
  54  5:26  Stalker  
  54  5:27  Stalker  
  57  5:37  Probe x2  
  59  5:49  Probe x2  
  61  5:51  Probe  
  66  6:00  Stalker  
  66  6:01  Probe x2  
  66  6:03  Stalker  
  72  6:04  Probe, Observer  
  70  6:13  Probe  
  70  6:18  Adept x3  
  73  6:24  Probe  
  77  6:31  Stalker x2  
  77  6:32  Immortal  
  75  6:40  Stalker  
  75  6:45  Pylon  
  75  6:46  Pylon  
  74  6:53  Stalker x3  
  76  6:57  Probe x2  
  76  7:00  Protoss Ground Armor Level 2 (Chrono Boost)  
  71  7:05  Stalker x2  
  71  7:06  Probe  
  72  7:09  Probe x2  
  70  7:18  Probe  
  70  7:21  Probe x2  
  73  7:24  Sentry  
  73  7:25  Sentry x2, Observer  
  80  7:30  Probe  
  80  7:32  Assimilator  
  80  7:33  Probe x2  
  80  7:34  Assimilator  
  83  7:38  Pylon  
  83  7:42  Probe  
  83  7:43  Observer  
  84  7:44  Forge  
  84  7:45  Probe x2, Pylon  
  84  7:49  Charge (Chrono Boost)  
  87  7:54  Probe  
  87  7:58  Probe  
  90  8:01  Gateway  
  90  8:02  Mothership Core, Gateway  
  90  8:04  Pylon  
  91  8:06  Probe  
  91  8:08  Immortal  
  96  8:13  Protoss Ground Weapons Level 1 (Chrono Boost)  
  96  8:16  Gateway  
  96  8:17  Gateway  
  96  8:23  Templar Archives  
  96  8:33  Nexus  
  96  8:36  Pylon  
  96  8:39  Pylon  
  96  8:43  Probe x2  
  96  8:46  Immortal (Chrono Boost)  
  102  9:06  Zealot x2  
  102  9:07  Zealot x5  
  116  9:12  Pylon  
  116  9:13  Pylon  
  116  9:14  Pylon  
  116  9:16  High Templar  
  116  9:17  High Templar  
  120  9:18  Protoss Ground Armor Level 3  
  120  9:32  Stalker x7  
  134  9:55  Probe x2  
  136  10:01  High Templar x4  
  136  10:02  Zealot x5  
  154  10:14  Psionic Storm  
  154  10:17  Archon  
  154  10:18  Archon  
  154  10:28  Zealot x3  
  154  10:29  Zealot x2  
  164  10:41  Zealot x4  
  170  10:51  Zealot  
  158  11:00  Zealot x2  
  158  11:01  Zealot x2  
  142  11:08  Immortal (Chrono Boost)  
  124  11:28  Zealot x8  
  124  11:29  Zealot  
  130  11:39  Probe  
  132  11:40  Probe x2, Protoss Shields Level 1  
  132  11:42  Warp Prism (Chrono Boost)  
  132  11:43  Gateway  
  132  11:44  Gateway  
  132  11:46  Gateway  
  135  11:49  Gateway, Zealot x3  
  135  11:50  Stalker x2  
  135  11:51  Gateway  
  135  11:52  High Templar x2  
  143  12:02  High Templar x2  
  143  12:13  Immortal (Chrono Boost)  
  147  12:18  Stalker x5  
  147  12:19  Probe  
  158  12:32  Zealot x2  
  158  12:41  Zealot x3  
  158  12:43  Stalker x6  
  168  12:52  Zealot x2  
  168  12:56  Zealot  
  149  13:06  Stalker x5  
  141  13:15  Zealot x4  
  141  13:19  Zealot x2  
  145  13:26  Immortal (Chrono Boost)  
  139  13:35  Archon  
  139  13:41  Stalker x2, High Templar  
  137  13:42  Zealot x6, Protoss Ground Weapons Level 2, High Templar x2  
  137  13:46  Pylon  
  137  13:47  Pylon  
  153  14:00  Nexus  
  152  14:13  Stalker x2  
  152  14:14  Stalker x2, Zealot  
  152  14:15  Zealot x5  
  152  14:16  Probe  
  125  14:38  Zealot x4  
  125  14:39  Zealot x5  
  125  14:43  Zealot  
  127  15:00  Zealot x3  
  127  15:01  Zealot x4  
  127  15:02  Archon  
  123  15:10  High Templar x3  
  123  15:12  High Templar  
  131  15:16  Pylon  
  131  15:23  High Templar x3  
  131  15:24  Stalker x3  
  131  15:26  Zealot  
  141  15:49  Zealot x6  
  145  15:54  Zealot x3  
  151  16:03  Stalker x3  
  157  16:17  Stargate  
  152  16:20  Photon Cannon  
  152  16:24  Photon Cannon  
  150  16:27  Zealot x4, Photon Cannon, High Templar x2  
  150  16:30  Sentry  
  150  16:31  Sentry  
  166  16:52  Pylon x3  
  166  16:53  Stalker x2  
  166  16:56  Pylon  
  166  16:57  Observer (Chrono Boost)  
  166  16:59  Protoss Ground Weapons Level 3  
  166  17:00  Zealot x5  
  177  17:02  Protoss Shields Level 2  
  176  17:16  Observer (Chrono Boost)  
  169  17:51  Void Ray, Zealot x8  
  189  18:00  Observer (Chrono Boost)  
  190  18:05  High Templar x2  
  190  18:06  Zealot x3  
  168  18:34  Stalker  
  168  18:35  Stalker x4  
  168  18:38  Assimilator x2  
  168  18:39  Zealot x9  
  135  19:11  High Templar  
  135  19:13  Stalker, Zealot x7  
  151  19:37  Nexus  
  135  19:51  High Templar  
  135  19:52  Zealot x2, High Templar  
  127  20:16  Stalker x2  
  127  20:17  Stalker  
  129  20:25  Zealot  
  129  20:28  Zealot  
  129  20:50  Zealot x4  
  129  20:54  High Templar  
  137  21:24  Stalker x2  
  137  21:25  Zealot x4  
  147  21:50  Assimilator  
  147  21:51  Assimilator  
  147  22:03  Zealot x4  
  147  22:04  Zealot x3  
  159  22:38  Zealot  
  159  22:39  Zealot x6  
  159  22:41  Archon  
Tags
 
Add a new tag
Caveats
  • Supply blocks, unpowered buildings, or Contaminate may cause inaccurate times.
  • Supply counts are checked every 10 seconds.